 Dungeon Crawl Stone Soup version 0.19.0-19-g8c6edcc (webtiles) character file.

2006 HarryHood the Basher (level 9, 0/78 HPs)
             Began as a Minotaur Berserker on Nov 15, 2016.
             Was an Elder of Trog.
             Slain by a vampire (5 damage)
             ... on level 6 of the Dungeon.
             The game lasted 00:28:40 (4384 turns).

HarryHood the Basher (Minotaur Berserker)           Turns: 4384, Time: 00:28:40

Health: 0/78       AC: 15    Str: 23    XL:     9   Next: 2%
Magic:  8/8        EV:  9    Int:  4    God:    Trog [****..]
Gold:   196        SH:  0    Dex: 12    Spells: 0 memorised, 8 levels left

rFire  . . .     SeeInvis .     s - +0 flail
rCold  . . .     Gourm    .     h - +0 plate armour
rNeg   + . .     Faith    .     (no shield)
rPois  .         Spirit   .     (helmet restricted)
rElec  .         Reflect  .     (no cloak)
rCorr  .         Harm     .     (no gloves)
MR     .....                    r - +1 pair of boots
Stlth  ..........               (no amulet)
                                (no ring)
                                l - ring of positive energy

@: confused, exhausted, slowed, very slow
A: retaliatory headbutt, horns 2
a: Berserk, Trog's Hand, Brothers in Arms, Burn Spellbooks, Renounce Religion


You were on level 6 of the Dungeon.
You worshipped Trog.
Trog was greatly pleased with you.
You were hungry.

You visited 1 branch of the dungeon, and saw 6 of its levels.

You collected 196 gold pieces.

Inventory:

Hand Weapons
 s - a +0 flail (weapon)
Armour
 h - a +0 plate armour (worn)
 r - a +1 pair of boots (worn)
Jewellery
 l - a ring of positive energy (left hand)
Wands
 u - a wand of paralysis (9/24)
Scrolls
 e - 8 scrolls of remove curse
 f - 2 scrolls of fog
 j - 3 scrolls of recharging
 m - a scroll of blinking
 p - 2 scrolls of teleportation
 q - 3 scrolls of identify
Potions
 a - a potion of degeneration {unknown}
 b - 2 potions of berserk rage
 d - a potion of heal wounds
 g - a potion of flight
 k - a potion of cancellation {unknown}
 n - a potion of lignification
 o - a potion of resistance
Comestibles
 c - 3 bread rations
 i - 2 meat rations
 t - a royal jelly
 v - 8 chunks of flesh


   Skills:
 - Level 6.7 Fighting
 - Level 10.1 Maces & Flails
 * Level 6.6 Armour
 - Level 6.0 Dodging


You had 8 spell levels left.
You didn't know any spells.

Dungeon Overview and Level Annotations

Branches:
Dungeon (6/15)
 Temple: D:4-7

Altars:
Fedhas
Hepliaklqana
Makhleb
Nemelex Xobeh
Ru
Sif Muna
Uskayaw
Yredelemnul
Zin


Innate Abilities, Weirdness & Mutations

You reflexively headbutt those who attack you in melee.
You have a pair of horns on your head.


Message History

The hill giant barely misses you.
You hear some strange, mumbled words.
Something tries to affect you, but you resist.
You barely miss the hill giant. You headbutt the hill giant!
The hill giant is lightly wounded.
You hear some strange, mumbled words.
You are more confused.
The hill giant hits you with a giant spiked club!
* * * LOW HITPOINT WARNING * * *
You hear some strange, mumbled words.
Something tries to affect you, but you resist.
Something hits you.
* * * LOW HITPOINT WARNING * * *
Something bites you but does no damage.
You hit the hill giant but do no damage.
The hill giant is lightly wounded.
The hill giant hits you with a giant spiked club!
* * * LOW HITPOINT WARNING * * *
Something hits you.
You die...

.8 # ##.## # #.
#.#.#.# .# #.###.
#.##.###.#
#....###.###....#
#..C##...##.(.#
##.@#.....#..##
##...#.....##
#.#.......#
#...()#####
#####.# #### #.#
<..# #.# .#.#
#.##### .#.######
#(....#


You could see a hill giant.

Vanquished Creatures
  A cyclops (D:6)
  The ghost of baldghoti the Slasher, a novice HOFi of Nemelex Xobeh (D:4)
  A sky beast (D:5)
  An ice beast (D:5)
  An ogre (D:5)
  3 phantoms (D:5)
  A centaur (D:5)
  Blork the orc (D:4)
  2 howler monkeys
  A bullfrog zombie (D:3)
  2 hounds
  3 orc priests
  3 orc wizards
  A bullfrog skeleton (D:4)
  A gnoll shaman (D:4)
  2 worker ants (D:4)
  7 gnolls
  6 adders
  An ooze (D:3)
  3 worms
  A dart slug (D:1)
  2 leopard geckos
  7 orcs
  10 bats
  3 giant cockroaches
  13 hobgoblins
  4 jackals
  8 kobolds
  A quokka (D:2)
  5 frilled lizards
  4 goblins
  9 rats
  A spectral orc (D:5)
110 creatures vanquished.

Vanquished Creatures (others)
  A rat (D:1)
1 creature vanquished.

Grand Total: 111 creatures vanquished

Notes
Turn   | Place    | Note
-------+----------+-------------------------------------------
     0 | D:1      | HarryHood the Minotaur Berserker began the quest for the Orb.
     0 | D:1      | Reached XP level 1. HP: 19/19 MP: 0/0
    85 | D:1      | Reached skill level 4 in Maces & Flails
   198 | D:1      | Reached XP level 2. HP: 26/26 MP: 1/1
   691 | D:1      | Reached skill level 5 in Maces & Flails
   744 | D:2      | Reached ** piety under Trog
   747 | D:2      | Reached XP level 3. HP: 31/31 MP: 2/2
  1252 | D:2      | Reached XP level 4. HP: 32/39 MP: 3/3
  1378 | D:2      | Reached skill level 6 in Maces & Flails
  1672 | D:3      | Found a faded altar of an unknown god.
  1751 | D:3      | Found a faded altar of an unknown god.
  1751 | D:3      | Found a faded altar of an unknown god.
  1756 | D:3      | Found a faded altar of an unknown god.
  1758 | D:3      | Found a sparkling altar of Nemelex Xobeh.
  1760 | D:3      | Found a faded altar of an unknown god.
  1855 | D:3      | Reached XP level 5. HP: 39/45 MP: 4/4
  2264 | D:4      | Noticed Blork the orc
  2280 | D:4      | Reached skill level 5 in Armour
  2284 | D:4      | Killed Blork the orc
  2284 | D:4      | Reached XP level 6. HP: 51/51 MP: 5/5
  2289 | D:4      | Reached *** piety under Trog
  2424 | D:4      | Found a hide-covered altar of Uskayaw.
  2459 | D:4      | Noticed baldghoti's ghost (novice HOFi)
  2490 | D:4      | Killed baldghoti's ghost
  2490 | D:4      | Reached XP level 7. HP: 46/64 MP: 6/6
  2587 | D:4      | Found a sacrificial altar of Ru.
  2587 | D:4      | Found a hazy altar of Hepliaklqana.
  2587 | D:4      | Found a deep blue altar of Sif Muna.
  2902 | D:5      | Entered Level 5 of the Dungeon
  2964 | D:5      | Reached skill level 5 in Dodging
  2964 | D:5      | Reached XP level 8. HP: 50/71 MP: 7/7
  3233 | D:5      | Found a basalt altar of Yredelemnul.
  3282 | D:5      | Found a blossoming altar of Fedhas.
  3326 | D:5      | Reached skill level 7 in Maces & Flails
  3499 | D:5      | Found a burning altar of Makhleb.
  3532 | D:5      | Reached skill level 8 in Maces & Flails
  3836 | D:5      | Found a glowing silver altar of Zin.
  4180 | D:6      | Noticed a cyclops
  4202 | D:6      | Killed a cyclops
  4202 | D:6      | Reached skill level 10 in Maces & Flails
  4202 | D:6      | Reached XP level 9. HP: 64/78 MP: 8/8
  4347 | D:6      | Reached **** piety under Trog
  4380 | D:6      | Noticed a hill giant
  4384 | D:6      | Slain by a vampire

Skill      XL: |  1  2  3  4  5  6  7  8 |
---------------+-------------------------+-----
Maces & Flails | 4 5 6 10 | 10.1
Armour         | 3 5 6 |  6.6
Fighting       | 6 |  6.7
Dodging        | 5 6 |  6.0

Action                   |  1- 3 |  4- 6 |  7- 9 || total
-------------------------+-------+-------+-------++-------
Melee: Mace              |    78 |   122 |    18 ||   218
       Headbutt          |    12 |    28 |    31 ||    71
       Flail             |       |       |   141 ||   141
Invok: Berserk           |       |     1 |     2 ||     3
  Use: Scroll            |     2 |     8 |     5 ||    15
 Stab: Sleeping          |     1 |       |       ||     1
  Eat: Chunk             |     1 |     1 |     7 ||     9
       Bread ration      |       |     1 |       ||     1
Armor: Animal skin       |    10 |       |       ||    10
       Ring mail         |    15 |       |       ||    15
       Plate armour      |       |    64 |    87 ||   151
Dodge: Dodged            |    46 |    45 |    53 ||   144
